[Event "94th FRA-ch Open D 2019"]
[Site "Chartres"]
[Date "2019.08.20"]
[Round "4.5"]
[White "Lissillour, Baptiste"]
[Black "Dartigues, Antoine"]
[Result "1/2-1/2"]
[ECO "D34"]
[WhiteElo "1469"]
[BlackElo "1288"]
[Annotator "NA"]
[PlyCount "98"]
[EventDate "2019.08.17"]
[EventType "swiss"]
[EventCountry "FRA"]
[SourceTitle "playchess.com"]
[Source "ChessBase"]
[SourceQuality "1"]
[TimeControl "40/5400+30:1800+30"]

1. d4 d5 2. Nf3 c5 3. c4 e6 4. cxd5 exd5 5. g3 Nc6 6. Bg2 Nf6 7. O-O Be7 8. Nc3 O-O 9. Bf4 Qb6 10. Na4 Qb4 11. a3 Qb5 12. dxc5 Bxc5 13. b4 Bb6 14. Nc3 Qc4 15. Rc1 d4 16. Ne4 Qe6 17. Nfg5 Qf5 18. Nd6 Qg6 19. b5 Ne7 20. Nxc8 Raxc8 21. Bxb7 Rxc1 22. Qxc1 h6 23. Bd6 Qxg5 24. Bxe7 Re8 25. Qxg5 hxg5 26. Bxf6 gxf6 27. Bf3 f5 28. h3 Rd8 29. Rd1 Kg7 30. Bh5 Rh8 31. g4 fxg4 32. hxg4 f5 33. f3 fxg4 34. fxg4 Rf8 35. Kg2 Rc8 36. Rd3 Rc3 37. Kf3 Kf6 38. Be8 Ke5 39. Rxc3 dxc3 40. Bg6 Bc5 41. a4 Bb6 42. Bd3 Kd4 43. Bc2 Ke5 44. e3 Kd5 45. Ke2 Kc4 46. Kf2 Kc5 47. Kf3 Kd5 48. e4+ Ke5 49. Bd3 Kd4 1/2-1/2

[Event "94th FRA-ch Open D 2019"]
[Site "Chartres"]
[Date "2019.08.20"]
[Round "4.6"]
[White "Catherinot, Laetitia"]
[Black "Henry, Loic"]
[Result "1/2-1/2"]
[ECO "E97"]
[WhiteElo "1587"]
[BlackElo "1476"]
[Annotator "NA"]
[PlyCount "103"]
[EventDate "2019.08.17"]
[EventType "swiss"]
[EventCountry "FRA"]
[SourceTitle "playchess.com"]
[Source "ChessBase"]
[SourceQuality "1"]
[TimeControl "40/5400+30:1800+30"]

1. c4 Nf6 2. Nc3 d6 3. d4 g6 4. e4 Bg7 5. Be3 O-O 6. Be2 Nc6 7. Nf3 e5 8. d5 Ne7 9. O-O a6 10. Nd2 Nd7 11. f4 f5 12. Rc1 exf4 13. Bxf4 Ne5 14. Bg5 h6 15. Be3 Bd7 16. Nf3 f4 17. Bd4 Nxf3+ 18. Bxf3 g5 19. Bxg7 Kxg7 20. Qd4+ Kh7 21. e5 dxe5 22. Qxe5 Ng6 23. Qd4 Rb8 24. a4 Bf5 25. Be4 Qf6 26. Qxf6 Rxf6 27. Bxf5 Rxf5 28. c5 Ne5 29. Rcd1 Rd8 30. d6 cxd6 31. cxd6 Nc4 32. Rfe1 Rxd6 33. Re7+ Kg6 34. Rxb7 Rxd1+ 35. Nxd1 Rd5 36. Nc3 Re5 37. Kf2 a5 38. b3 Ne3 39. h3 Rc5 40. Rb6+ Kg7 41. Rb7+ Kg6 42. Rb6+ Kh5 43. Ne4 Rc2+ 44. Ke1 Nxg2+ 45. Kd1 Ne3+ 46. Ke1 f3 47. Nd2 Kh4 48. Nxf3+ Kxh3 49. Rxh6+ Kg4 50. Nd4 Ng2+ 51. Kd1 Ne3+ 52. Ke1 1/2-1/2

[Event "94th FRA-ch Open D 2019"]
[Site "Chartres"]
[Date "2019.08.21"]
[Round "5.1"]
[White "Minatchy, Tristan"]
[Black "Legeay, Julie"]
[Result "1-0"]
[ECO "B23"]
[WhiteElo "1452"]
[BlackElo "1531"]
[Annotator "NA"]
[PlyCount "63"]
[EventDate "2019.08.17"]
[EventType "swiss"]
[EventCountry "FRA"]
[SourceTitle "playchess.com"]
[Source "ChessBase"]
[SourceQuality "1"]
[TimeControl "40/5400+30:1800+30"]

1. e4 d6 2. Nc3 Nf6 3. f4 g6 4. Bc4 Bg7 5. d3 O-O 6. Nf3 c5 7. O-O Nc6 8. Bb3 Rb8 9. Qe1 b5 10. Qh4 b4 11. Ne2 a5 12. f5 e6 13. fxg6 hxg6 14. Ng5 Re8 15. Bf4 Ne5 16. Bxe5 dxe5 17. Rxf6 Qxf6 18. Rf1 Qe7 19. Qh7+ Kf8 20. Qxg6 Rb7 21. Kh1 Kg8 22. Rxf7 Qxf7 23. Nxf7 Rxf7 24. Ng3 Bd7 25. h4 Rf6 26. Qg5 Ref8 27. Nh5 R6f7 28. Qg6 Re7 29. Bxe6+ Bxe6 30. Nxg7 Rxg7 31. Qxe6+ Rgf7 32. Qxe5 1-0

[Event "94th FRA-ch Open D 2019"]
[Site "Chartres"]
[Date "2019.08.21"]
[Round "5.2"]
[White "Rolland Piegue, Sacha"]
[Black "Nezosi, Christophe"]
[Result "1-0"]
[ECO "A25"]
[WhiteElo "1385"]
[BlackElo "1523"]
[Annotator "NA"]
[PlyCount "89"]
[EventDate "2019.08.17"]
[EventType "swiss"]
[EventCountry "FRA"]
[SourceTitle "playchess.com"]
[Source "ChessBase"]
[SourceQuality "1"]
[TimeControl "40/5400+30:1800+30"]

1. c4 Nf6 2. Nc3 e5 3. e3 Nc6 4. g3 Bc5 5. Nge2 O-O 6. Bg2 d5 7. Nxd5 Nxd5 8. cxd5 Nb4 9. Qb3 Bg4 10. d4 exd4 11. Nxd4 a5 12. O-O Qf6 13. a3 a4 14. Qc4 Na6 15. Qxa4 Rad8 16. Qb3 b6 17. Qc4 Nb8 18. Bd2 Nd7 19. Bc3 Ne5 20. Qb5 Bd7 21. Qb3 Qh6 22. Nf5 Bxf5 23. Bxe5 Rd7 24. Rfd1 Re8 25. Bd4 Bd6 26. Re1 Rde7 27. a4 Qg6 28. a5 bxa5 29. Rxa5 Be4 30. f3 Bc2 31. Qc3 Rb8 32. Rc1 Bb4 33. Qxb4 Ree8 34. Qc3 Bf5 35. Ra7 c5 36. dxc6 Rbc8 37. b4 Qd6 38. b5 Qb8 39. b6 Qd6 40. Bxg7 Qe6 41. Bd4 Bg6 42. b7 Rc7 43. Ra8 Rce7 44. c7 Qd7 45. Rxe8+ 1-0

[Event "94th FRA-ch Open D 2019"]
[Site "Chartres"]
[Date "2019.08.21"]
[Round "5.3"]
[White "Decurninge, Brice"]
[Black "Soulet, Julia"]
[Result "1-0"]
[ECO "B23"]
[WhiteElo "1462"]
[BlackElo "1537"]
[Annotator "NA"]
[PlyCount "107"]
[EventDate "2019.08.17"]
[EventType "swiss"]
[EventCountry "FRA"]
[SourceTitle "playchess.com"]
[Source "ChessBase"]
[SourceQuality "1"]
[TimeControl "40/5400+30:1800+30"]

1. e4 c5 2. Nc3 a6 3. g3 b5 4. Bg2 Bb7 5. f4 Nf6 6. d3 e6 7. Nf3 b4 8. Ne2 Be7 9. O-O O-O 10. h3 Qc7 11. Be3 Nc6 12. g4 d5 13. e5 Nd7 14. Qe1 f6 15. exf6 Bxf6 16. g5 Bxb2 17. Rb1 Bc3 18. Nxc3 bxc3 19. Qxc3 d4 20. Bxd4 cxd4 21. Nxd4 Qd6 22. Nxc6 Nc5 23. Ne5 Bxg2 24. Kxg2 Rac8 25. Qa3 Ne4 26. Qxd6 Rxc2+ 27. Kf3 Nxd6 28. Rf2 Rxf2+ 29. Kxf2 Rxf4+ 30. Ke3 Rf5 31. Rb8+ Rf8 32. Nd7 Rxb8 33. Nxb8 a5 34. Kd4 Nb5+ 35. Kc4 Na3+ 36. Kb3 Nb1 37. a4 Nd2+ 38. Kc3 Nf3 39. Nc6 Nxg5 40. h4 Nf3 41. Nxa5 Ne5 42. Nc4 Nc6 43. a5 h5 44. a6 g5 45. Ne5 Na7 46. hxg5 h4 47. Nf3 h3 48. Kd2 Kg7 49. Ke2 Kg6 50. Kf2 h2 51. Kg2 Kf5 52. Kxh2 Kg6 53. Kg3 Kf5 54. Kh4 1-0

[Event "94th FRA-ch Open D 2019"]
[Site "Chartres"]
[Date "2019.08.21"]
[Round "5.4"]
[White "Noyer, Christophe"]
[Black "Lissillour, Baptiste"]
[Result "0-1"]
[ECO "B86"]
[WhiteElo "1526"]
[BlackElo "1469"]
[Annotator "NA"]
[PlyCount "38"]
[EventDate "2019.08.17"]
[EventType "swiss"]
[EventCountry "FRA"]
[SourceTitle "playchess.com"]
[Source "ChessBase"]
[SourceQuality "1"]
[TimeControl "40/5400+30:1800+30"]

1. e4 c5 2. Nf3 d6 3. d4 cxd4 4. Nxd4 Nf6 5. Nc3 a6 6. Bc4 e6 7. Bb3 Nbd7 8. f4 Nc5 9. Qf3 b5 10. f5 Nxb3 11. axb3 Bb7 12. fxe6 fxe6 13. O-O Qd7 14. Bg5 Be7 15. Rae1 O-O 16. Qg3 b4 17. Bh6 Nh5 18. Qg4 bxc3 19. Bxg7 Nxg7 0-1

[Event "94th FRA-ch Open D 2019"]
[Site "Chartres"]
[Date "2019.08.21"]
[Round "5.5"]
[White "Thevenon, Thomas"]
[Black "Melier, Ludovic"]
[Result "1-0"]
[ECO "C41"]
[WhiteElo "1513"]
[BlackElo "1425"]
[Annotator "NA"]
[PlyCount "97"]
[EventDate "2019.08.17"]
[EventType "swiss"]
[EventCountry "FRA"]
[SourceTitle "playchess.com"]
[Source "ChessBase"]
[SourceQuality "1"]
[TimeControl "40/5400+30:1800+30"]

1. e4 e5 2. Nf3 d6 3. Bc4 Be7 4. Nc3 Nf6 5. O-O O-O 6. h3 Nc6 7. a4 Bd7 8. d3 Qc8 9. Kh2 Be6 10. Bxe6 Qxe6 11. Bg5 Rfe8 12. Bxf6 Bxf6 13. Nd5 Rac8 14. Nd2 Ne7 15. Nxf6+ Qxf6 16. Nc4 Ng6 17. g3 Qd8 18. Ne3 c6 19. Qg4 Rc7 20. Nf5 f6 21. h4 Qd7 22. f4 Nf8 23. Rf2 Kh8 24. Raf1 g6 25. Ne3 Qxg4 26. Nxg4 Kg7 27. fxe5 fxe5 28. Rf6 h5 29. Ne3 Rd7 30. Nc4 d5 31. exd5 cxd5 32. Nxe5 Rxe5 33. Rxf8 Rc7 34. R8f2 d4 35. Kg2 a6 36. b3 b5 37. axb5 axb5 38. Rc1 b4 39. Kf1 Re3 40. Re1 Rxg3 41. Re4 Rg4 42. Rxg4 hxg4 43. Kg2 Kh6 44. Kg3 Kh5 45. Rf4 Rxc2 46. Rxd4 Rc3 47. Rd5+ Kh6 48. Kxg4 Rxb3 49. Rb5 1-0

[Event "94th FRA-ch Open D 2019"]
[Site "Chartres"]
[Date "2019.08.21"]
[Round "5.6"]
[White "Dartigues, Antoine"]
[Black "Paralieu, Maxime"]
[Result "0-1"]
[ECO "C54"]
[WhiteElo "1288"]
[BlackElo "1480"]
[Annotator "NA"]
[PlyCount "110"]
[EventDate "2019.08.17"]
[EventType "swiss"]
[EventCountry "FRA"]
[SourceTitle "playchess.com"]
[Source "ChessBase"]
[SourceQuality "1"]
[TimeControl "40/5400+30:1800+30"]

1. e4 e5 2. Nf3 Nc6 3. Bc4 Nf6 4. d3 Bc5 5. c3 d6 6. O-O h6 7. Be3 Bb6 8. Nbd2 O-O 9. Re1 Be6 10. Bb3 Bxe3 11. fxe3 d5 12. exd5 Nxd5 13. e4 Nf4 14. Bxe6 fxe6 15. Nc4 Qxd3 16. Qxd3 Nxd3 17. Re3 Rad8 18. Rd1 Nf4 19. Rxd8 Rxd8 20. Nfxe5 Nxe5 21. Nxe5 Rd1+ 22. Kf2 Rd2+ 23. Kf3 Nxg2 24. Re2 Rxe2 25. Kxe2 Nf4+ 26. Kf3 Nh5 27. Nd7 Nf6 28. Nc5 Kf7 29. Nxb7 Nd7 30. Nd8+ Kf6 31. Nc6 a6 32. b3 Ne5+ 33. Nxe5 Kxe5 34. Ke3 g5 35. b4 h5 36. a4 Kd6 37. c4 e5 38. a5 c6 39. Kf3 c5 40. b5 axb5 41. a6 Kc7 42. cxb5 Kb6 43. Ke3 g4 44. Kd3 h4 45. Kc4 g3 46. a7 Kxa7 47. hxg3 hxg3 48. Kxc5 g2 49. Kd5 g1=Q 50. Kxe5 Qc5+ 51. Kf6 Qxb5 52. e5 Qe8 53. e6 Kb6 54. e7 Kc7 55. Ke6 Kc6 0-1

[Event "94th FRA-ch Open D 2019"]
[Site "Chartres"]
[Date "2019.08.22"]
[Round "6.1"]
[White "Minatchy, Tristan"]
[Black "Rolland Piegue, Sacha"]
[Result "1-0"]
[ECO "B23"]
[WhiteElo "1452"]
[BlackElo "1385"]
[Annotator "NA"]
[PlyCount "61"]
[EventDate "2019.08.17"]
[EventType "swiss"]
[EventCountry "FRA"]
[SourceTitle "playchess.com"]
[Source "ChessBase"]
[SourceQuality "1"]
[TimeControl "40/5400+30:1800+30"]

1. e4 c5 2. Nc3 Nc6 3. f4 e6 4. Nf3 d5 5. Bb5 Nge7 6. exd5 exd5 7. Qe2 Bg4 8. Bxc6+ bxc6 9. O-O g6 10. Qe5 Rg8 11. Rb1 Bg7 12. Qe2 Qc7 13. d3 Rd8 14. Na4 Qa5 15. b3 Rd6 16. Ba3 Re6 17. Qf2 Bxf3 18. Qxf3 Bd4+ 19. Kh1 Nf5 20. c3 Bxc3 21. Bxc5 Kd7 22. Rbc1 Bb4 23. Bxb4 Qxb4 24. Nc5+ Kd6 25. Nxe6 fxe6 26. g4 Nd4 27. Qe3 Re8 28. f5 e5 29. fxg6 hxg6 30. Qh6 Re6 31. Rf7 1-0

[Event "94th FRA-ch Open D 2019"]
[Site "Chartres"]
[Date "2019.08.22"]
[Round "6.2"]
[White "Paralieu, Maxime"]
[Black "Decurninge, Brice"]
[Result "1/2-1/2"]
[ECO "C02"]
[WhiteElo "1480"]
[BlackElo "1462"]
[Annotator "NA"]
[PlyCount "60"]
[EventDate "2019.08.17"]
[EventType "swiss"]
[EventCountry "FRA"]
[SourceTitle "playchess.com"]
[Source "ChessBase"]
[SourceQuality "1"]
[TimeControl "40/5400+30:1800+30"]

1. e4 e6 2. d4 d5 3. e5 c5 4. c3 Nc6 5. Nf3 Qb6 6. a3 cxd4 7. cxd4 Nge7 8. b4 Nf5 9. Bb2 a6 10. Be2 Be7 11. h3 Bd7 12. O-O O-O 13. Qd2 Rac8 14. Rd1 Rc7 15. Nc3 Na7 16. Rac1 Rfc8 17. Bd3 Nh4 18. Nxh4 Bxh4 19. Qf4 Be7 20. Qd2 a5 21. bxa5 Qxa5 22. Nb1 Qxd2 23. Nxd2 Rxc1 24. Rxc1 Rxc1+ 25. Bxc1 Nb5 26. Bxb5 Bxb5 27. Nb1 Kf8 28. Nc3 Bc4 29. g3 Ke8 30. Kg2 Kd7 1/2-1/2

[Event "94th FRA-ch Open D 2019"]
[Site "Chartres"]
[Date "2019.08.22"]
[Round "6.3"]
[White "Lissillour, Baptiste"]
[Black "Alcindor, Samuel"]
[Result "1-0"]
[ECO "D37"]
[WhiteElo "1469"]
[BlackElo "1580"]
[Annotator "NA"]
[PlyCount "53"]
[EventDate "2019.08.17"]
[EventType "swiss"]
[EventCountry "FRA"]
[SourceTitle "playchess.com"]
[Source "ChessBase"]
[SourceQuality "1"]
[TimeControl "40/5400+30:1800+30"]

1. d4 d5 2. Nf3 Nf6 3. c4 e6 4. Nc3 Nbd7 5. Bf4 c6 6. e3 Be7 7. Rc1 O-O 8. Bd3 dxc4 9. Bxc4 b6 10. O-O Bb7 11. e4 Rc8 12. Qe2 c5 13. d5 exd5 14. exd5 Re8 15. d6 Bf8 16. Bxf7+ Kxf7 17. Ng5+ Kg6 18. Qd3+ Ne4 19. Ncxe4 Bxe4 20. Nxe4 Rxe4 21. Qxe4+ Kf7 22. Qd5+ Kg6 23. Qe6+ Nf6 24. Be5 h6 25. Bxf6 gxf6 26. d7 Rc7 27. Qe5 1-0

[Event "94th FRA-ch Open D 2019"]
[Site "Chartres"]
[Date "2019.08.22"]
[Round "6.4"]
[White "Catherinot, Laetitia"]
[Black "Gatineau, Milann"]
[Result "0-1"]
[ECO "E16"]
[WhiteElo "1587"]
[BlackElo "1517"]
[Annotator "NA"]
[PlyCount "58"]
[EventDate "2019.08.17"]
[EventType "swiss"]
[EventCountry "FRA"]
[SourceTitle "playchess.com"]
[Source "ChessBase"]
[SourceQuality "1"]
[TimeControl "40/5400+30:1800+30"]

1. c4 Nf6 2. g3 e6 3. Bg2 d5 4. Nf3 Bd6 5. O-O O-O 6. d4 b6 7. Qc2 Nbd7 8. Nbd2 Bb7 9. Re1 c5 10. e4 dxe4 11. Ng5 cxd4 12. Ndxe4 Nxe4 13. Bxe4 Bxe4 14. Rxe4 d3 15. Qd1 Nc5 16. Rh4 h6 17. Qh5 Be7 18. Rg4 d2 19. Bxd2 Qxd2 20. Nf3 Qxb2 21. Rf1 Qf6 22. Re1 Qf5 23. Re5 Qxh5 24. Rxh5 Kh7 25. Ng5+ Bxg5 26. Rgxg5 f5 27. g4 Ne4 28. Rxg7+ Kxg7 29. gxf5 Rxf5 0-1

[Event "94th FRA-ch Open D 2019"]
[Site "Chartres"]
[Date "2019.08.22"]
[Round "6.5"]
[White "Lombardo, Patrick"]
[Black "Thevenon, Thomas"]
[Result "1-0"]
[ECO "B07"]
[WhiteElo "1566"]
[BlackElo "1513"]
[Annotator "NA"]
[PlyCount "77"]
[EventDate "2019.08.17"]
[EventType "swiss"]
[EventCountry "FRA"]
[SourceTitle "playchess.com"]
[Source "ChessBase"]
[SourceQuality "1"]
[TimeControl "40/5400+30:1800+30"]

1. e4 d6 2. d4 Nf6 3. Nc3 Nbd7 4. Be3 e5 5. d5 Be7 6. Be2 O-O 7. g4 a6 8. Qd2 b5 9. g5 Ne8 10. h4 Nc5 11. b4 Nb7 12. Nh3 f5 13. gxf6 Bxf6 14. Bg5 Qe7 15. O-O-O Bxg5 16. Nxg5 Rxf2 17. Rdg1 a5 18. Qe3 Rf4 19. Ne6 Bxe6 20. dxe6 axb4 21. Nd5 Qxe6 22. Bxb5 Rf8 23. Bc4 Kh8 24. Nb6 Qe7 25. Nxa8 Nc5 26. Rf1 Nf6 27. Bd5 Rb8 28. Rhg1 Nxd5 29. exd5 Rxa8 30. Qf2 Kg8 31. Qf5 Qe8 32. Rxg7+ Kxg7 33. Qf6+ Kg8 34. Rg1+ Qg6 35. Rxg6+ hxg6 36. Qxg6+ Kf8 37. Kb1 Nd7 38. h5 Ke7 39. Qe6+ {[%emt 0:00:30] Ke8 Qg6+} 1-0

[Event "94th FRA-ch Open D 2019"]
[Site "Chartres"]
[Date "2019.08.23"]
[Round "7.1"]
[White "Lissillour, Baptiste"]
[Black "Minatchy, Tristan"]
[Result "1-0"]
[ECO "E92"]
[WhiteElo "1469"]
[BlackElo "1452"]
[Annotator "NA"]
[PlyCount "115"]
[EventDate "2019.08.17"]
[EventType "swiss"]
[EventCountry "FRA"]
[SourceTitle "playchess.com"]
[Source "ChessBase"]
[SourceQuality "1"]
[TimeControl "40/5400+30:1800+30"]

1. d4 Nf6 2. Nf3 g6 3. c4 Bg7 4. Nc3 O-O 5. e4 d6 6. Be2 e5 7. dxe5 dxe5 8. Qxd8 Rxd8 9. Bg5 Re8 10. Nd5 Nxd5 11. cxd5 c6 12. Bc4 cxd5 13. Bxd5 Nc6 14. O-O-O Be6 15. Bxe6 Rxe6 16. Rhe1 a5 17. Kb1 a4 18. Rd5 a3 19. Rb5 f6 20. Bd2 Re7 21. Rd5 axb2 22. Kxb2 Ra4 23. Kb3 Ra6 24. Rb5 Rd7 25. Bc3 Na7 26. Rd5 Rxd5 27. exd5 Nb5 28. Bb4 Rb6 29. Kc4 Nd6+ 30. Bxd6 Rxd6 31. Nd2 b5+ 32. Kc5 Bf8 33. Ne4 Rd8+ 34. Kc6 Kf7 35. Rd1 b4 36. d6 f5 37. Ng5+ Ke8 38. d7+ Ke7 39. Kc7 Bg7 40. Ne6 Rxd7+ 41. Rxd7+ Kxe6 42. Rxg7 e4 43. Rxh7 f4 44. Rh3 Ke5 45. Rb3 Kd4 46. Rxb4+ Kd3 47. Rb3+ Ke2 48. f3 e3 49. a4 Kf2 50. Rb2+ Kf1 51. a5 e2 52. Rxe2 Kxe2 53. a6 Kf2 54. a7 Kxg2 55. a8=Q Kxh2 56. Kd6 Kg3 57. Ke5 g5 58. Kf5 1-0

[Event "94th FRA-ch Open D 2019"]
[Site "Chartres"]
[Date "2019.08.23"]
[Round "7.2"]
[White "Rolland Piegue, Sacha"]
[Black "Lombardo, Patrick"]
[Result "0-1"]
[ECO "D15"]
[WhiteElo "1385"]
[BlackElo "1566"]
[Annotator "NA"]
[PlyCount "106"]
[EventDate "2019.08.17"]
[EventType "swiss"]
[EventCountry "FRA"]
[SourceTitle "playchess.com"]
[Source "ChessBase"]
[SourceQuality "1"]
[TimeControl "40/5400+30:1800+30"]

1. d4 d5 2. c4 c6 3. Nf3 Nf6 4. Nc3 dxc4 5. e4 b5 6. Bf4 b4 7. Na4 Nxe4 8. Bxc4 e6 9. Qc2 Nf6 10. Rd1 Be7 11. O-O a5 12. Bb3 O-O 13. Ne5 Bb7 14. Nc5 Qb6 15. Rc1 Rd8 16. Rfd1 Nd5 17. Bg3 Bg5 18. Rb1 Bf4 19. Bxf4 Nxf4 20. Qe4 Nd5 21. Rbc1 Ba6 22. Bc2 Nf6 23. Qf3 Bb5 24. b3 Ra7 25. Be4 Rd6 26. Qg3 Qd8 27. Qe3 Nxe4 28. Nxe4 Rd5 29. Qd2 f6 30. Nf3 e5 31. Rc5 Rad7 32. Qc1 exd4 33. Rxd5 Rxd5 34. Rd2 d3 35. a4 bxa3 36. Qxa3 Qe8 37. Nc3 Rf5 38. Kf1 Qd8 39. Nxb5 cxb5 40. b4 a4 41. Rxd3 Qc7 42. Qa2+ Kh8 43. Qe6 g6 44. Qe8+ Kg7 45. Rd8 Qc4+ 46. Kg1 Qxb4 47. Rxb8 a3 48. Rb7+ Kh6 49. Qe3+ g5 50. Qe7 Qxe7 51. Rxe7 b4 52. Ra7 Rb5 53. Nd4 Rd5 0-1

[Event "94th FRA-ch Open D 2019"]
[Site "Chartres"]
[Date "2019.08.23"]
[Round "7.3"]
[White "Meynard, Cedrick"]
[Black "Nezosi, Christophe"]
[Result "0-1"]
[ECO "B00"]
[WhiteElo "1417"]
[BlackElo "1523"]
[Annotator "NA"]
[PlyCount "54"]
[EventDate "2019.08.17"]
[EventType "swiss"]
[EventCountry "FRA"]
[SourceTitle "playchess.com"]
[Source "ChessBase"]
[SourceQuality "1"]
[TimeControl "40/5400+30:1800+30"]

1. e4 Nc6 2. d4 d5 3. e5 Bf5 4. c3 e6 5. Nf3 Nge7 6. Be2 Ng6 7. Be3 f6 8. exf6 gxf6 9. Nbd2 Qd7 10. Nb3 Rg8 11. Rg1 O-O-O 12. Bd3 Bg4 13. h3 Bxf3 14. Qxf3 Nh4 15. Qxf6 Be7 16. Qh6 Nxg2+ 17. Ke2 Nxe3 18. fxe3 Rxg1 19. Rxg1 Qd6 20. Rg2 Rf8 21. Qxh7 Nd8 22. Nc5 e5 23. Bf5+ Kb8 24. Nd7+ Ka8 25. Nxf8 Bxf8 26. Qd7 Qa6+ 27. Qb5 Qxb5+ 0-1

[Event "94th FRA-ch Open D 2019"]
[Site "Chartres"]
[Date "2019.08.23"]
[Round "7.4"]
[White "Gatineau, Milann"]
[Black "Paralieu, Maxime"]
[Result "1/2-1/2"]
[ECO "D02"]
[WhiteElo "1517"]
[BlackElo "1480"]
[Annotator "NA"]
[PlyCount "65"]
[EventDate "2019.08.17"]
[EventType "swiss"]
[EventCountry "FRA"]
[SourceTitle "playchess.com"]
[Source "ChessBase"]
[SourceQuality "1"]
[TimeControl "40/5400+30:1800+30"]

1. d4 Nf6 2. Nf3 e6 3. Bf4 d5 4. e3 c5 5. Be2 Nc6 6. O-O Be7 7. h3 O-O 8. c4 h6 9. Nc3 b6 10. Qd2 Bb7 11. Rad1 cxd4 12. exd4 Rc8 13. cxd5 Nxd5 14. Bg3 Bf6 15. Rc1 Nde7 16. Rfd1 Nf5 17. Be5 Bxe5 18. dxe5 Qxd2 19. Rxd2 Rfd8 20. Rcd1 Rxd2 21. Rxd2 Nce7 22. g4 Bxf3 23. Bxf3 Nh4 24. Bb7 Rb8 25. Bh1 Neg6 26. Re2 Nf4 27. Re3 Rd8 28. Kh2 Rd2 29. Kg3 g5 30. b3 Rc2 31. a4 Nh5+ 32. Kh2 Nf4 33. Kg3 1/2-1/2

[Event "94th FRA-ch Open D 2019"]
[Site "Chartres"]
[Date "2019.08.23"]
[Round "7.5"]
[White "Decurninge, Brice"]
[Black "Breuil, Virgile"]
[Result "1-0"]
[ECO "C54"]
[WhiteElo "1462"]
[BlackElo "1388"]
[Annotator "NA"]
[PlyCount "107"]
[EventDate "2019.08.17"]
[EventType "swiss"]
[EventCountry "FRA"]
[SourceTitle "playchess.com"]
[Source "ChessBase"]
[SourceQuality "1"]
[TimeControl "40/5400+30:1800+30"]

1. e4 e5 2. Nf3 Nc6 3. Bc4 Bc5 4. c3 Nf6 5. d3 h6 6. O-O d6 7. b4 Bb6 8. Nbd2 O-O 9. h3 Re8 10. Re1 a6 11. Nf1 Be6 12. Bxe6 fxe6 13. Ng3 d5 14. Qb3 Qd7 15. Bb2 Rad8 16. Rad1 Qf7 17. a4 Nh5 18. Nxh5 Qxh5 19. c4 Nd4 20. Bxd4 dxc4 21. dxc4 exd4 22. c5 Ba7 23. Rxd4 Rxd4 24. Nxd4 Qg6 25. f3 Kh8 26. Kf1 e5 27. Nf5 b6 28. Qd5 bxc5 29. bxc5 Rb8 30. Qxe5 Rb4 31. Qxc7 Rb2 32. Qg3 Qf7 33. Rc1 Qd7 34. Qd6 Qc8 35. Qe7 Rb7 36. Qe5 Qc6 37. Qd5 Qc7 38. Qd6 Qf7 39. Qd5 Qc7 40. Qd6 Qf7 41. Qxa6 Rb2 42. Qd6 Qa2 43. Qf8+ Qg8 44. Qxg8+ Kxg8 45. Nd4 Rd2 46. Nc6 Rd7 47. Nxa7 Rxa7 48. c6 Rc7 49. a5 Kf7 50. a6 Ke6 51. a7 Rc8 52. c7 Kd7 53. Rd1+ Kxc7 54. Rc1+ 1-0

[Event "94th FRA-ch Open D 2019"]
[Site "Chartres"]
[Date "2019.08.23"]
[Round "7.6"]
[White "Picavet, Jean-Francois"]
[Black "Masson, Guillaume"]
[Result "1/2-1/2"]
[ECO "D00"]
[WhiteElo "1477"]
[BlackElo "1549"]
[Annotator "NA"]
[PlyCount "123"]
[EventDate "2019.08.17"]
[EventType "swiss"]
[EventCountry "FRA"]
[SourceTitle "playchess.com"]
[Source "ChessBase"]
[SourceQuality "1"]
[TimeControl "40/5400+30:1800+30"]

1. d4 d5 2. e3 e6 3. c3 Nf6 4. Bd3 c5 5. Nd2 b6 6. f4 Ba6 7. Qa4+ Qd7 8. Qxd7+ Kxd7 9. Bxa6 Nxa6 10. Ne2 Nc7 11. O-O Nce8 12. Nf3 Ne4 13. g4 h5 14. g5 g6 15. h4 N8d6 16. Kh2 Nf5 17. Kh3 Bd6 18. Ne5+ Bxe5 19. fxe5 c4 20. b3 b5 21. Bb2 Rhb8 22. b4 a5 23. a3 Nd2 24. Rf2 axb4 25. cxb4 Ne4 26. Rf3 Rc8 27. Nc3 Nxc3 28. Bxc3 Ke8 29. Ra2 Rc7 30. Ra1 Rca7 31. Bb2 c3 32. Bc1 Rc8 33. Rf2 Rc4 34. Rc2 Ne7 35. Raa2 Nc8 36. Ra1 Nb6 37. Kg3 Rxb4 38. Rxc3 Nc4 39. Kf3 Rba4 40. Rb1 Rxa3 41. Rxa3 Nxa3 42. Bxa3 Rxa3 43. Rxb5 Ra1 44. Kg2 Re1 45. Rb3 Re2+ 46. Kg3 Rc2 47. Kf3 Rh2 48. Kg3 Rh1 49. Rb8+ Ke7 50. Rb7+ Kf8 51. Rb8+ Kg7 52. Rb7 Rg1+ 53. Kh2 Rg4 54. Kh3 Re4 55. Rb3 Rg4 56. Rc3 Rg1 57. Rb3 Rf1 58. Rc3 Kf8 59. Kg2 Rf5 60. Rb3 Ke7 61. Ra3 Kd7 62. Rc3 1/2-1/2

[Event "94th FRA-ch Open D 2019"]
[Site "Chartres"]
[Date "2019.08.24"]
[Round "8.1"]
[White "Lombardo, Patrick"]
[Black "Lissillour, Baptiste"]
[Result "0-1"]
[ECO "B90"]
[WhiteElo "1566"]
[BlackElo "1469"]
[Annotator "NA"]
[PlyCount "116"]
[EventDate "2019.08.17"]
[EventType "swiss"]
[EventCountry "FRA"]
[SourceTitle "playchess.com"]
[Source "ChessBase"]
[SourceQuality "1"]
[TimeControl "40/5400+30:1800+30"]

1. e4 c5 2. Nf3 d6 3. d4 cxd4 4. Nxd4 Nf6 5. Nc3 a6 6. Be3 e5 7. Nf3 Be7 8. Be2 Ng4 9. Nd5 Nd7 10. Qd2 Nxe3 11. Qxe3 O-O 12. O-O Nf6 13. c4 Nxd5 14. cxd5 f5 15. exf5 Bxf5 16. Qb3 Bf6 17. Qxb7 Rb8 18. Qxa6 e4 19. Nd2 Rxb2 20. Nb3 Qa8 21. Qxa8 Rxa8 22. Bb5 Rxb3 23. Bc6 Bxa1 24. Bxa8 Ra3 25. Rxa1 Rxa8 26. a4 Ra5 27. h4 Bd7 28. Rb1 Rxd5 29. Rb8+ Kf7 30. Ra8 Rc5 31. a5 Rc8 32. Ra7 Ke6 33. g4 Kf6 34. Rxd7 Rc6 35. Kf1 h6 36. Ke2 g5 37. hxg5+ hxg5 38. Ke3 Ke5 39. Re7+ Kd5 40. Rg7 Kc4 41. Rg6 Ra6 42. Rxg5 d5 43. f4 Rxa5 44. Rg8 Ra3+ 45. Ke2 Ra2+ 46. Ke3 Ra3+ 47. Ke2 Kd4 48. Rb8 Ra2+ 49. Ke1 Ke3 50. Rb3+ Kxf4 51. Rb5 d4 52. g5 Rg2 53. Rb4 Ke3 54. Rb3+ d3 55. Kf1 Rxg5 56. Ra3 Kf3 57. Ra2 e3 58. Rf2+ Ke4 0-1

[Event "94th FRA-ch Open D 2019"]
[Site "Chartres"]
[Date "2019.08.24"]
[Round "8.2"]
[White "Minatchy, Tristan"]
[Black "Decurninge, Brice"]
[Result "1-0"]
[ECO "C01"]
[WhiteElo "1452"]
[BlackElo "1462"]
[Annotator "NA"]
[PlyCount "53"]
[EventDate "2019.08.17"]
[EventType "swiss"]
[EventCountry "FRA"]
[SourceTitle "playchess.com"]
[Source "ChessBase"]
[SourceQuality "1"]
[TimeControl "40/5400+30:1800+30"]

1. e4 e6 2. d4 d5 3. exd5 exd5 4. Bd3 c6 5. Qf3 Nf6 6. Ne2 Bg4 7. Qg3 Bxe2 8. Bxe2 Ne4 9. Qb3 Qc7 10. Nd2 Nxd2 11. Bxd2 Bd6 12. O-O-O O-O 13. Bb4 Bxb4 14. Qxb4 Nd7 15. Qd2 Nf6 16. f3 a5 17. Bd3 b5 18. a3 Rfb8 19. h4 a4 20. c3 Re8 21. h5 Re7 22. h6 g6 23. Qg5 Ne8 24. Rhe1 f6 25. Qg4 Nd6 26. Bxg6 Kh8 27. Bc2 1-0